 Dungeon Crawl Stone Soup version 0.28-a0-723-g095bd1b44f (webtiles) character file.

Game seed: 4680439047843135278

53773 MirrMurr the Unseen (level 14, -1/74 HPs)
             Began as a Spriggan Enchanter on Oct 26, 2021.
             Was the Champion of Dithmenos.
             Slain by a spectral death yak (7 damage)
             ... in a Gauntlet.
             The game lasted 00:58:09 (29733 turns).

MirrMurr the Unseen (Spriggan Enchanter)           Turns: 29733, Time: 00:58:10

Health: -1/74      AC:  8    Str:  8    XL:     14   Next: 32%
Magic:  19/24      EV: 47    Int: 17    God:    Dithmenos [******]
Gold:   1569       SH:  9    Dex: 20    Spells: 7/25 levels left

rFire   + . .      SeeInvis +   b - +4 dagger (venom)
rCold   . . .      Faith    .   o - +1 buckler
rNeg    . . .      Spirit   .   F - +0 steam dragon scales
rPois   +          Reflect  .   (helmet restricted)
rElec   .          Harm     .   e - +2 cloak {Will+}
rCorr   .          Rampage  .   (gloves unavailable)
Will    +++..      NoTele   +   (boots unavailable) Stlth ***+++++++
                                I - amulet of the acrobat
HPRegen 0.22/turn               u - ring "Gedax" {rPois Dex+4}
MPRegen 0.19/turn               i - ring "Terocwir" {+Blink rF+ Slay+4}

@: acrobatic, slowed, wreathed by umbra, studying Ice Magic, quick
A: very small, no large weapons, unfitting armour, see invisible, speed 3
a: Renounce Religion, Evoke Blink, Shadow Step, Shadow Form


You were in a Gauntlet.
You worshipped Dithmenos.
Dithmenos was exalted by your worship.
You visited 3 branches of the dungeon, and saw 19 of its levels.
You also visited: Sewer, Bailey and Gauntlet.

You collected 1569 gold pieces.

Inventory:

Hand Weapons
 a - a +2 dagger of electrocution
 b - a +4 dagger of venom (weapon)
 w - a +0 rapier of venom
 R - a +2 rapier of distortion
 V - a +2 broad axe of electrocution
 W - a +2 hunting sling of flaming
Missiles
 h - 598 stones (quivered)
 j - 48 poisoned darts
 C - 3 throwing nets
 J - 4 datura-tipped darts
 P - 8 boomerangs
Armour
 e - a +2 cloak of willpower (worn)
 o - a +1 buckler (worn)
 B - a scarf of resistance
 F - +0 steam dragon scales (worn)
Jewellery
 i - the ring "Terocwir" (right hand) {+Blink rF+ Slay+4}
   (You acquired it on level 2 of the Lair of Beasts)

   [ring of slaying]

   Slay:      It affects your accuracy & damage with ranged weapons and melee
   (+4).
   rF:        It protects you from fire.
   +Blink:    It lets you blink.
 u - the ring "Gedax" (left hand) {rPois Dex+4}
   (You acquired it on level 4 of the Dungeon)

   [ring of poison resistance]

   Dex:       It affects your dexterity (+4).
   rPois:     It protects you from poison.
 z - a ring of flight
 A - a +4 ring of evasion
 I - an amulet of the acrobat (around neck)
 T - an amulet of reflection
Wands
 s - a wand of iceblast (31)
 v - a wand of flame (45)
 y - a wand of charming (12)
 E - a wand of digging (6)
 G - a wand of paralysis (9)
 K - a wand of polymorph (7)
Scrolls
 c - a scroll of brand weapon
 f - 4 scrolls of immolation
 n - 9 scrolls of teleportation
 x - 5 scrolls of fog
 D - a scroll of summoning
 H - 2 scrolls of enchant armour
 L - 6 scrolls of enchant weapon
 M - a scroll of fear
 U - a scroll of identify
Potions
 d - 3 potions of attraction
 g - 5 potions of lignification
 k - 6 potions of berserk rage
 l - 2 potions of ambrosia
 m - 5 potions of curing
 p - 2 potions of brilliance
 q - 3 potions of haste
 r - 2 potions of flight
 t - 3 potions of heal wounds
 N - 2 potions of magic {unknown}
 O - 2 potions of resistance {unknown}
 Q - a potion of might {unknown}
 S - a potion of cancellation {unknown}


   Skills:
 + Level 8.4 Fighting
 - Level 10.0 Short Blades
 + Level 17.2 Dodging
 + Level 18.0 Stealth
 - Level 7.2 Shields
 - Level 6.0 Spellcasting
 - Level 10.0 Hexes


You had 7 spell levels left.
You knew the following spells:

 Your Spells              Type           Power      Damage    Failure   Level
a - Ensorcelled Hibernat  Hex/Ice        44%        N/A       2%          2
b - Confusing Touch       Hex            39%        N/A       1%          3
c - Tukima's Dance        Hex            39%        N/A       1%          3
d - Dazzling Flash        Conj/Hex       44%        N/A       4%          3
f - Passwall              Tmut/Erth      4%         N/A       19%         2
A - Apportation           Tloc           10%        N/A       13%         1
P - Cause Fear            Hex            19%        N/A       1%          4

Your spell library contained the following spells:

 Spells                   Type           Power      Damage    Failure   Level
 Portal Projectile        Hex/Tloc       44%        N/A       4%          3
 Animate Skeleton         Necr           10%        N/A       13%         1
 Pain                     Necr           20%        1d5       13%         1
 Sandblast                Erth           10%        2d5       13%         1
 Summon Small Mammal      Summ           20%        N/A       13%         1
 Static Discharge         Conj/Air       5%         N/A       19%         2
 Sublimation of Blood     Necr           2%         N/A       19%         2
 Wereblood                Tmut           5%         N/A       19%         2
 Gell's Gravitas          Tloc           2%         N/A       36%         3
 Ozocubu's Armour         Ice            5%         N/A       36%         3
 Stone Arrow              Conj/Erth      10%        3d7       36%         3
 Teleport Other           Tloc           5%         N/A       36%         3
 Metabolic Englaciation   Hex/Ice        11%        N/A       41%         5
 Silence                  Hex/Air        11%        N/A       41%         5
 Animate Armour           Summ/Erth      10%        N/A       77%         4
 Dispel Undead            Necr           5%         3d7       77%         4
 Iskenderun's Mystic Bla  Conj/Tloc      5%         2d3       77%         4
 Petrify                  Tmut/Erth      5%         N/A       77%         4
 Sticky Flame             Conj/Fire      5%         2d3       77%         4
 Agony                    Necr           5%         N/A       98%         5
 Blade Hands              Tmut           2%         N/A       98%         5
 Excruciating Wounds      Necr           2%         N/A       98%         5
 Dispersal                Tloc           2%         N/A       100%        6
 Simulacrum               Ice/Necr       2%         N/A       100%        6
 Starburst                Conj/Fire      2%         6d3       100%        6
 Statue Form              Tmut/Erth      3%         N/A       100%        6
 Dragon Form              Tmut           2%         N/A       100%        7
 Summon Hydra             Summ           2%         N/A       100%        7
 Lehudib's Crystal Spear  Conj/Erth      2%         10d2      100%        8
 Dragon's Call            Summ           2%         N/A       100%        9


Dungeon Overview and Level Annotations

Branches:
Dungeon (12/15)            Temple (1/1) D:4            Lair (6/6) D:11
 Shoals (0/4) Lair:4       Spider (0/4) Lair:4        Slime (0/5) Lair:6
    Orc (0/2) D:10          Sewer (visited)          Bailey (visited)
Gauntlet (1/1)

Altars:
Ashenzari
Cheibriados
Dithmenos
Elyvilon
Fedhas
Gozag
Hepliaklqana
Kikubaaqudgha
Makhleb
Nemelex Xobeh
Okawaru
Qazlal
Ru
Sif Muna
Trog
Uskayaw
Vehumet
Wu Jian
Xom
Yredelemnul
Zin
The Shining One
Lugonu

Shops:
D:11 ?

Portals:
Abyss: Lair:6

Annotations:
D:4 1 runed translucent door, EiAlmux's ghost, novice DECj
D:12 1 runed translucent door Gauntlet 9 transporters, 1 runed translucent door, exclusion: obsidian statue


Innate Abilities, Weirdness & Mutations

You are very small and have problems with some larger weapons.
You are too small for most types of armour.
You have supernaturally acute eyesight. (SInv)
You cover ground extremely quickly. (Speed+++)


Message History

The spectral death yak misses you.
You puncture the spectral death yak!
The spectral death yak is lightly damaged.
The spectral death yak completely misses you.
You hit the spectral death yak but do no damage.
The spectral death yak is lightly damaged.
Your shadow hits the spectral death yak but does no damage.
The spectral death yak gores you.
You hit the spectral death yak.
The spectral death yak is lightly damaged.
You hit the spectral death yak but do no damage.
The spectral death yak is lightly damaged.
Your shadow hits the spectral death yak but does no damage.
The death scarab bites the spectral death yak!
The death scarab drains the spectral death yak's vigour!
The spectral death yak seems to slow down.
The death scarab bites the spectral death yak!
The death scarab drains the spectral death yak's vigour!
The spectral death yak seems to slow down.
The death scarab barely misses itself.
The spectral death yak closely misses you.
You hit the spectral death yak but do no damage.
The spectral death yak is moderately damaged.
Your shadow hits the spectral death yak with a dagger.
The death scarab bites the spectral death yak!!
The death scarab drains the spectral death yak's vigour!
The spectral death yak seems to slow down.
You hit the spectral death yak.
The spectral death yak is severely damaged.
The death scarab bites you!
The death scarab draws strength from your injuries!
The spectral death yak completely misses you.
You hit the spectral death yak but do no damage.
The spectral death yak is severely damaged.
The death scarab bites you!!
* * * LOW HITPOINT WARNING * * *
The death scarab draws strength from your injuries!
Unknown command.
The spectral death yak gores you!
You die...

..............................∩..
.................................
#########..###########..#########
u......u#..#.........#..#.##..©.#
######.u#..#..##.##..#..#.#.^##.#
#....##.#..#$##...##.#..#.##.###.
.#### #.####.#.....#.####.###...#
##.©.##.#©©#©...©....#©©#§...##[#
#.####.#####.#..@ZB#.####.##.##..
##....###..#B##...##.#..#.##)...#
.#####.:#..#..##.##..#..#....##.#
.....[$.#..#.........#..#.##^###.
#########..###########..#########
.................................
§.§.........§§...................
#§#§#≈#≈#≈#≈#≈#≈#≈#≈#≈#≈#≈#≈#§#§#
#################################


You could see a spectral death yak (slow) and a death scarab (confused).

Vanquished Creatures
  4 hydras
  A boulder beetle (D:11)
  A catoblepas (Lair:2)
  A tengu warrior (Gauntlet)
  3 two-headed ogres
  2 thrashing horrors
  Pikel (D:9)
  An oklob plant (Lair:5)
  An orb spider (Lair:4)
  2 manticores
  4 ugly things
  Joseph (D:7)
  A torpor snail (Lair:4)
  8 black mambas
  14 cane toads
  3 smoke demons (Lair:6)
  3 rime drakes
  Maggie (D:10)
  A kobold demonologist (D:10)
  7 komodo dragons
  An ancient zyme (Lair:6)
  A tengu conjurer (Gauntlet)
  A troll (D:10)
  8 polar bears
  A wind drake (Lair:4)
  27 blink frogs
  Prince Ribbit (D:6)
  A large abomination (Lair:5)
  10 dream sheep
  A snapping turtle (shapeshifter) (Lair:6)
  2 ynoxinuls (Lair:6)
  A redback (D:10)
  2 wraiths
  39 yaks
  Sigmund (D:4)
  A vampire (D:11)
  3 shadows (D:10)
  8 wyverns
  Eustachio (D:6)
  7 basilisks
  4 vampire mosquitoes (D:11)
  A chaos spawn (Lair:6)
  A swamp worm (shapeshifter) (Lair:6)
  2 wargs (Lair:1)
  A dancing weapon (D:10)
  9 small abominations (Lair:6)
  2 acid dragons (D:10)
  16 water moccasins
  3 black bears
  13 orc warriors
  An ice beast (D:7)
  An ogre (D:9)
  22 wolves
  14 centaurs
  A phantom (D:4)
  A lemure (D:9)
  2 kobold brigands
  Blork the orc (D:5)
  14 bullfrogs
  3 gnoll sergeants
  9 scorpions
  A wyvern zombie (D:6)
  A water moccasin zombie (D:6)
  A wyvern skeleton (D:6)
  2 killer bees (D:10)
  12 wights
  3 howler monkeys
  4 bullfrog zombies
  A human zombie (D:6)
  A bullfrog skeleton (D:5)
  3 centaur zombies
  13 jellies
  Crazy Yiuf (D:4)
  3 centaur skeletons (D:4)
  7 orc priests
  4 hounds
  Terence (D:3)
  Ijyb (D:4)
  2 iguanas
  7 hell rats (Lair:5)
  13 orc wizards
  3 mummies (D:6)
  A hound skeleton (D:5)
  4 howler monkey zombies
  9 gnolls
  8 adders
  2 white imps
  An ufetubus (D:5)
  2 worms
  4 dart slugs
  47 orcs
  19 endoplasms
  10 giant cockroaches
  8 goblins
  8 hobgoblins
  8 jackals
  8 quokkas
  9 ball pythons
  10 bats
  6 frilled lizards
  10 kobolds
  2 rats
558 creatures vanquished.

Vanquished Creatures (collateral kills)
  A spriggan (Lair:6)
  A gnoll sergeant (D:10)
  A wight (D:8)
  A gnoll (D:8)
  An orc (D:8)
5 creatures vanquished.

Vanquished Creatures (others)
  6 dancing weapons
  An orc wizard (D:10)
  23 fungi
  14 plants
44 creatures vanquished.

Grand Total: 607 creatures vanquished

Notes
Turn   | Place    | Note
-------+----------+-------------------------------------------
     0 | D:1      | MirrMurr the Spriggan Enchanter began the quest for the
                  | Orb.
     0 | D:1      | Reached XP level 1. HP: 9/9 MP: 5/5
   492 | D:1      | Reached skill level 5 in Stealth
   492 | D:1      | Reached XP level 2. HP: 11/13 MP: 6/6
   495 | D:1      | Learned a level 2 spell: Ensorcelled Hibernation
  1969 | D:2      | Reached XP level 3. HP: 16/16 MP: 8/8
  1973 | D:2      | Learned a level 3 spell: Confusing Touch
  2797 | D:3      | Reached skill level 6 in Stealth
  2945 | D:3      | Noticed Terence
  2951 | D:3      | Killed Terence
  2952 | D:3      | Reached XP level 4. HP: 21/21 MP: 4/9
  2999 | D:3      | Learned a level 3 spell: Tukima's Dance
  3327 | D:3      | Found a faded altar of an unknown god.
  3638 | D:4      | Found a runed translucent door.
  3639 | D:4      | Noticed Crazy Yiuf
  3701 | D:4      | Killed Crazy Yiuf
  3702 | D:4      | Reached skill level 7 in Stealth
  3702 | D:4      | Reached XP level 5. HP: 24/24 MP: 0/10
  3947 | D:4      | Found a runed translucent door.
  3996 | D:4      | Noticed EiAlmux's ghost (novice DECj)
  4189 | D:4      | Found a staircase to the Ecumenical Temple.
  4195 | Temple   | Entered the Ecumenical Temple
  4344 | Temple   | Became a worshipper of Dithmenos the Shadowed
  4427 | D:4      | Noticed Sigmund
  4430 | D:4      | Noticed Ijyb
  4432 | D:4      | Killed Ijyb
  4435 | D:4      | Killed Sigmund
  4436 | D:4      | Reached skill level 5 in Short Blades
  4436 | D:4      | Reached skill level 8 in Stealth
  4436 | D:4      | Reached XP level 6. HP: 28/28 MP: 11/11
  4521 | D:4      | Found a broken altar of Ashenzari.
  4524 | D:4      | Found a shimmering blue altar of Sif Muna.
  4527 | D:4      | Found a stormy altar of Qazlal.
  4812 | D:4      | Reached skill level 5 in Hexes
  4836 | D:4      | Reached XP level 7. HP: 14/32 MP: 7/13
  5025 | D:4      | Learned a level 3 spell: Dazzling Flash
  5089 | D:4      | Identified a scroll of acquirement
  5089 | D:4      | Acquired the ring "Gedax" {rPois Dex+4}
  5320 | D:5      | Entered Level 5 of the Dungeon
  5893 | D:5      | Found a glowing drain.
  5927 | Sewer    | Entered a sewer
  5966 | Sewer    | Reached * piety under Dithmenos
  7062 | D:5      | Identified the +3 whip "Dapoq" {venom, +Blink Str+8}
  7183 | D:5      | Noticed Blork the orc
  7193 | D:5      | Killed Blork the orc
  7194 | D:5      | Reached skill level 1 in Fighting
  7194 | D:5      | Reached XP level 8. HP: 33/37 MP: 11/15
  7723 | D:6      | Reached skill level 5 in Dodging
  7890 | D:6      | Found a basalt altar of Yredelemnul.
  7922 | D:6      | Reached ** piety under Dithmenos
  8138 | D:6      | Noticed Eustachio
  8140 | D:6      | Killed Eustachio
  8172 | D:6      | Found an ornate altar of the Wu Jian Council.
  8236 | D:6      | Noticed Prince Ribbit
  8243 | D:6      | Killed Prince Ribbit
  8244 | D:6      | Reached XP level 9. HP: 45/45 MP: 16/16
  8683 | D:7      | Noticed Joseph
  8693 | D:7      | Killed Joseph
  8694 | D:7      | Reached skill level 1 in Shields
  9047 | D:7      | Found a white marble altar of Elyvilon.
  9048 | D:7      | Found a glowing silver altar of Zin.
  9048 | D:7      | Found a blossoming altar of Fedhas.
  9457 | D:7      | Reached skill level 9 in Stealth
 10021 | D:8      | Reached *** piety under Dithmenos
 11270 | D:8      | Noticed a two-headed ogre
 11277 | D:8      | Killed a two-headed ogre
 11278 | D:8      | Reached skill level 10 in Stealth
 11278 | D:8      | Reached XP level 10. HP: 49/49 MP: 17/17
 12007 | D:9      | Noticed Pikel
 12015 | D:9      | Killed Pikel
 12016 | D:9      | Reached skill level 10 in Dodging
 12299 | D:9      | Found a sacrificial altar of Ru.
 12678 | D:10     | Entered Level 10 of the Dungeon
 12764 | D:10     | Reached skill level 5 in Shields
 12833 | D:10     | Noticed a rust devil
 12835 | D:10     | Reached skill level 11 in Stealth
 12839 | D:10     | Reached **** piety under Dithmenos
 13045 | D:10     | Noticed a two-headed ogre
 13082 | D:10     | Killed a two-headed ogre
 13305 | D:10     | Noticed Maggie
 13317 | D:10     | Killed Maggie
 13318 | D:10     | Reached XP level 11. HP: 5/53 MP: 6/18
 14071 | D:10     | Reached skill level 12 in Stealth
 14637 | D:10     | Found a staircase to the Orcish Mines.
 15069 | D:11     | Found Koikugg's Magic Scroll Emporium.
 15120 | D:11     | Found a broken altar of Ashenzari.
 15189 | D:11     | Found a flagged portal.
 15215 | Bailey   | Entered a bailey
 15700 | Bailey   | Reached ***** piety under Dithmenos
 16250 | Bailey   | Identified the +5 scale mail of Card Tricks {Contam Rampage
                  | Str+2}
 16949 | D:11     | Found a staircase to the Lair.
 17265 | D:11     | Noticed a two-headed ogre
 17574 | D:11     | Noticed a boulder beetle
 17581 | D:11     | Killed a boulder beetle
 18204 | D:11     | Reached skill level 5 in Spellcasting
 18546 | D:11     | Killed a two-headed ogre
 18592 | Lair:1   | Entered Level 1 of the Lair of Beasts
 18638 | Lair:1   | Reached XP level 12. HP: 58/58 MP: 15/20
 19045 | Lair:1   | Reached skill level 13 in Stealth
 19169 | Lair:1   | Reached skill level 5 in Fighting
 20346 | Lair:2   | Noticed a six-headed hydra
 20375 | Lair:2   | Killed a six-headed hydra
 20453 | Lair:2   | Acquired the ring "Terocwir" {+Blink rF+ Slay+4}
 20722 | Lair:2   | Noticed a catoblepas
 20729 | Lair:2   | Killed a catoblepas
 20741 | Lair:2   | Reached skill level 10 in Hexes
 21062 | Lair:3   | Reached skill level 14 in Stealth
 21459 | Lair:3   | Reached skill level 10 in Short Blades
 21645 | Lair:3   | Reached XP level 13. HP: 63/65 MP: 15/23
 22195 | Lair:4   | Reached skill level 15 in Stealth
 22533 | Lair:4   | Reached ****** piety under Dithmenos
 22534 | Lair:4   | Reached skill level 15 in Dodging
 22536 | Lair:4   | Learned a level 1 spell: Apportation
 22541 | Lair:4   | Learned a level 4 spell: Cause Fear
 22544 | Lair:4   | Learned a level 2 spell: Passwall
 22636 | Lair:4   | Found a hole to the Spider Nest.
 22991 | Lair:4   | Found a staircase to the Shoals.
 24683 | Lair:5   | Reached skill level 16 in Stealth
 25460 | Lair:6   | Entered Level 6 of the Lair of Beasts
 25921 | Lair:6   | Found a staircase to the Slime Pits.
 26850 | Lair:6   | Reached skill level 17 in Stealth
 27261 | Lair:6   | Reached XP level 14. HP: 72/72 MP: 24/24
 28010 | Lair:6   | HP: 3/73 [acid (6)]
 28898 | Lair:6   | Found a corrupted altar of Lugonu.
 28898 | Lair:6   | Found a one-way gate to the infinite horrors of the Abyss.
 29224 | D:12     | Found a runed translucent door.
 29487 | D:12     | Found a gate leading to a gauntlet.
 29497 | Gauntlet | Entered a Gauntlet
 29497 | Gauntlet | Found a transporter.
 29497 | Gauntlet | Found a transporter.
 29500 | Gauntlet | Found a transporter.
 29520 | Gauntlet | Found a transporter.
 29528 | Gauntlet | Found a transporter.
 29531 | Gauntlet | Found a transporter.
 29551 | Gauntlet | Found a transporter.
 29560 | Gauntlet | Found a transporter.
 29574 | Gauntlet | Found a transporter.
 29577 | Gauntlet | Found a transporter.
 29585 | Gauntlet | Found a transporter.
 29588 | Gauntlet | Found a transporter.
 29611 | Gauntlet | Found a runed translucent door.
 29689 | Gauntlet | Reached skill level 18 in Stealth
 29733 | Gauntlet | Slain by a spectral death yak

Illustrated notes

Levels and vault maps discovered:
D:1:      erik_arrival_cave_to_civilisation [erik_arrival_cave_to_hall],
          layout_basic
D:2:      layout_basic, minmay_door_square
D:3:      layout_loops_ring, basic_ecumenical_altar, uniq_terence
D:4:      layout_loops_corners, grunt_temple_overflow_diamond,
          minmay_temple_entry_hall, ebering_ghost_inner_flame,
          hangedman_abyss_or_decor_slice, minmay_vboxes, uniq_ijyb,
          uniq_sigmund, uniq_crazy_yiuf_cottage
D:5:      layout_basic, portal_sewer_entry_f, uniq_blork_the_orc
D:6:      layout_loops_cross, amcnicky_altar_gilded,
          lemuel_mausoleum_altar_yredelemnul, uniq_eustachio,
          uniq_prince_ribbit1
D:7:      old_forge, layout_basic, chequers_temple_overflow_statue_of_worship,
          uniq_joseph
D:8:      layout_basic
D:9:      layout_loops_ring, nicolae_ru_sacrificial_ziggurat, grunt_ogre_cave,
          uniq_pikel
D:10:     nzn_winding_woodlands_three_and_one
          [nzn_winding_woodlands_5x15_sidewinder,
          nzn_winding_woodlands_5x15_eye, nzn_winding_woodlands_5x15_sawtooth,
          nzn_winding_woodlands_center_pierced_h], layout_gridville,
          patterned_corridor, uniq_maggie
D:11:     layout_roguey, david_lair_generic, enter_bailey_5,
          serial_co_window_serial, co_window_paths_b, co_window_paths_b,
          co_window_corner_a, co_window_paths_b, co_window_corner_a,
          co_window_corner_b, co_window_of_opportunity_b, co_window_2corner,
          co_window_corner_ca, co_window_4corner_a, co_window_paths_d,
          minmay_misc_feat_chi, kennysheep_nondescript, nicolae_stop_n_shop_1,
          cheibrodos_ashenzari_chains
D:12:     layout_gridville, gauntlet_entry_generic, corexii_leaking_fountain,
          kennysheep_treasure_room
Temple:   dshaligram_water_room_temple
Lair:1:   beast_lair_carwin_large_1, layout_small_grid,
          hangedman_lair_generics_rect
Lair:2:   layout_gridlike
Lair:3:   layout_chaotic_city
Lair:4:   layout_cave_pods, minmay_shoals_entry_beasts,
          nicolae_spider_entry_orb_guardian, eino_small_chamber_without_monster,
          cheibrodos_lair_lostbears
Lair:5:   lemuel_slime, layout_long_grid, lemuel_fruit_tree
Lair:6:   hellmonk_lair_end_abyssal_woods, layout_cave_pods,
          nicolae_slime_entry_slimehenge
Gauntlet: minmay_gauntlet_mixed_big_or_small [gammafunk_gauntlet_arena_crates,
          minmay_gauntlet_arena_77_path, gammafunk_gauntlet_arena_split_diamond,
          minmay_gauntlet_arena_77_chump_sandwich,
          gammafunk_gauntlet_arena_spirals, minmay_gauntlet_arena_77_two_lines,
          dreamdust_gauntlet_exit_labyrinth]

Skill      XL: |  1  2  3  4  5  6  7  8  9 10 11 12 13 14 |
---------------+-------------------------------------------+-----
Stealth        | 5 6 7 8 10 11 12 14 17 18 | 18.0
Short Blades   | 2 3 5 6 7 8 10 | 10.0
Spellcasting   | 3 4 5 6 |  6.0
Hexes          | 5 8 10 | 10.0
Dodging        | 3 8 9 10 12 14 16 17 | 17.2
Fighting       | 1 4 6 7 8 |  8.4
Shields        | 4 5 7 |  7.2

Action                   |  1- 3 |  4- 6 |  7- 9 | 10-12 | 13-15 || total
-------------------------+-------+-------+-------+-------+-------++-------
Melee: Dagger            |   105 |    86 |   450 |   642 |   616 ||  1899
Throw: Stone             |       |       |    12 |    32 |    11 ||    55
 Cast: Ensorcelled Hiber |    19 |    14 |    44 |   172 |   120 ||   369
       Confusing Touch   |       |     1 |    24 |    16 |    45 ||    86
       Tukima's Dance    |       |       |    18 |     9 |     2 ||    29
  Use: Scroll            |       |     4 |    13 |    10 |     1 ||    28
       Potion            |       |       |       |     1 |     3 ||     4
 Stab: Sleeping          |    20 |    16 |    57 |   126 |    95 ||   314
       Confused          |       |     1 |    23 |    13 |    35 ||    72
       Distracted        |       |       |       |     4 |     2 ||     6
       Invisible         |       |       |       |       |     6 ||     6
Armor: Robe              |     9 |    11 |    35 |     6 |       ||    61
       Steam dragon scal |       |       |       |    28 |    33 ||    61
Dodge: Dodged            |    81 |    54 |   291 |   556 |   461 ||  1443
Block: Buckler           |       |       |    53 |   294 |   230 ||   577

Table legend: (Time is in decaauts)
 A = Elapsed time spent in this place.
 B = Non-inter-level travel time spent in this place.
 C = Inter-level travel time spent in this place.
 D = Time resting spent in this place.
 E = Time spent auto-exploring this place.
 F = Levels seen in this place.
 G = Mean time per level.
                   A        B        C        D        E       F      G
               +--------+--------+--------+--------+--------+-----+--------+
         Total |  22537 |  21452 |   1085 |   1090 |  15910 |  22 | 1024.4 |
       Dungeon |  12402 |  11720 |    682 |    411 |   9094 |  12 | 1033.5 |
        Temple |     96 |     71 |     25 |      0 |     61 |   1 |   96.0 |
          Lair |   7935 |   7558 |    377 |    571 |   5456 |   6 | 1322.5 |
         Sewer |    536 |    536 |      0 |      0 |    349 |   1 |  536.0 |
        Bailey |   1419 |   1419 |      0 |    108 |    879 |   1 | 1419.0 |
      Gauntlet |    147 |    147 |      0 |      0 |     69 |   1 |  147.0 |
               +--------+--------+--------+--------+--------+-----+--------+

Top non-repeatable levels by time:
  Lair:6: 2257 daAuts
  Lair:5: 1639 daAuts
    D:10: 1551 daAuts
     D:4: 1499 daAuts
     D:8: 1489 daAuts
  Lair:4: 1474 daAuts
  Bailey: 1419 daAuts
    D:11: 1261 daAuts
     D:1: 1156 daAuts
     D:7: 1038 daAuts
  Lair:2: 1032 daAuts
     D:2: 990 daAuts
     D:9: 983 daAuts
     D:6: 890 daAuts
     D:5: 827 daAuts
